 Dungeon Crawl Stone Soup version 0.29.1-1-gd02db6906a (webtiles) character file.

Game seed: 1274865876384064580

11 Icepheonix32 the Trooper (level 2, 0/27 HPs)
             Began as a Minotaur Fighter on Oct 17, 2022.
             Slain by Terence
             ... wielding a +0 flail
              (9 damage)
             ... on level 2 of the Dungeon.
             The game lasted 00:00:41 (855 turns).

Icepheonix32 the Trooper (Minotaur Fighter)          Turns: 855, Time: 00:00:42

Health: 0/27       AC:  7    Str: 20    XL:     2   Next: 13%
Magic:  1/1        EV:  9    Int:  5    God:
Gold:   55         SH:  4    Dex:  9    Spells: 1/1 levels left

rFire   . . .      SeeInvis .   j - +5 rapier "Lukhleoz" {vorpal, rC+ rCorr}
rCold   + . .      Faith    .   c - +0 buckler
rNeg    . . .      Spirit   .   b - +0 scale mail
rPois   .          Reflect  .   (helmet restricted)
rElec   .          Harm     .   (no cloak)
rCorr   +          Rampage  .   (no gloves)
Will    .....                   (no boots)
Stlth   ..........              (no amulet)
HPRegen 0.09/turn               (no ring)
MPRegen 0.07/turn               (no ring)

@: no status effects
A: horns 2, retaliatory headbutt
a: no special abilities


You were on level 2 of the Dungeon.
You visited 1 branch of the dungeon, and saw 2 of its levels.

You collected 55 gold pieces.

Inventory:

Hand Weapons
 a - a +0 long sword
 j - the +5 rapier "Lukhleoz" (weapon) {vorpal, rC+ rCorr}
   (You found it on level 2 of the Dungeon)

   It inflicts extra damage upon your enemies.
   rC:        It protects you from cold.
   rCorr:     It protects you from acid and corrosion.
Armour
 b - a +0 scale mail (worn)
 c - a +0 buckler (worn)
Jewellery
 e - a ring of fire
Scrolls
 f - a scroll of fear
Potions
 d - a potion of might
 g - a potion of flight {unknown}
 h - a potion of brilliance {unknown}
 i - a potion of lignification {unknown}
 k - a potion of resistance {unknown}
 l - a potion of heal wounds {unknown}


   Skills:
 + Level 4.0 Fighting
 - Level 2.4 Long Blades
 + Level 3.9 Armour
 + Level 3.8 Shields


You had one spell level left.
You didn't know any spells.
Your spell library was empty.

Dungeon Overview and Level Annotations

Branches:
Dungeon (2/15)

Altars:

Annotations:
D:2 Terence


Innate Abilities, Weirdness & Mutations

You have a pair of horns on your head.
You reflexively headbutt those who attack you in melee.


Message History

j - the +5 rapier "Lukhleoz" (weapon)
{vorpal, rC+ rCorr} You now have 55 gold pieces (gained 9).
A rat comes into view.
A rat is nearby!
The rat barely misses you.
You barely miss the rat. You headbutt the rat.
The rat is heavily wounded.
The rat bites you but does no damage.
You puncture the rat!
You kill the rat!
No target in view!
No target in view!
You feel your willpower return.
l - a lumpy white potion Terence the Incautious comes into view.
He is wielding a +0 flail.
Found a scroll labelled IRELAL WEXE.
Terence shouts!
Terence is nearby!
Terence hits you with a +0 flail.
You barely miss Terence. Terence closely misses you.
You block Terence's attack.
You completely miss Terence. Your headbutt misses Terence.
Terence hits you with a +0 flail.
You closely miss Terence. Your headbutt misses Terence.
Terence hits you but does no damage.
You barely miss Terence. You headbutt Terence!
Terence is heavily wounded.
Terence hits you with a +0 flail.
You closely miss Terence. You headbutt Terence, but do no damage.
Terence is heavily wounded.
Terence hits you with a +0 flail. Terence completely misses you.
You barely miss Terence. Your headbutt misses Terence.
Terence is heavily wounded.
Terence hits you with a +0 flail!
You are too injured to fight recklessly!
You are too injured to fight recklessly!
You hit Terence but do no damage. You headbutt Terence.
Terence is severely wounded.
Terence hits you with a +0 flail!
You die...

#...####.......#
#.#.#..........#
#.#.#.#####.########
....................
.............#######
###<##...#....#
######...#....####
.................###
##########...###@..#
#####..@....#
#.......# #.......#
#.........
#..........
#......?...
#######....


You could see Terence.

Vanquished Creatures
  A goblin (D:1)
  3 hobgoblins (D:1)
  A quokka (D:1)
  A ball python (D:1)
  A bat (D:1)
  2 frilled lizards (D:1)
  2 rats
11 creatures vanquished.

Notes
Turn   | Place    | Note
-------+----------+-------------------------------------------
     0 | D:1      | Icepheonix32 the Minotaur Fighter began the quest for the
                  | Orb.
     0 | D:1      | Reached XP level 1. HP: 19/19 MP: 0/0
   280 | D:1      | Reached skill level 4 in Fighting
   286 | D:1      | Reached XP level 2. HP: 13/27 MP: 1/1
   585 | D:1      | Found a faded altar of an unknown god.
   795 | D:2      | Identified the +5 rapier "Lukhleoz" {vorpal, rC+ rCorr}
   847 | D:2      | Noticed Terence
   855 | D:2      | Slain by Terence

Illustrated notes

Levels and vault maps discovered:
D:1:      mushboom_english_gardens, layout_loops_ring,
          hellmonk_ecumenical_altar_prayer_group
D:2:      layout_basic, uniq_terence

Skill      XL: |  1 |
---------------+----+-----
Fighting       | 4 |  4.0
Long Blades    | |  2.4
Armour         | |  3.9
Shields        | |  3.8

Action                   || total
-------------------------++-------
Melee: Long sword        ||    32
       Headbutt          ||     8
       Rapier            ||     9
  Use: Scroll            ||     2
Armor: Scale mail        ||    27
Dodge: Dodged            ||    31
Block: Buckler           ||    11
